 Dungeon Crawl Stone Soup version 0.21-a0-538-gd16b88a (webtiles) character file.

8387 tidbits the Martial Artist (level 11, -2/83 HPs)
             Began as a Gnoll Transmuter on Dec 16, 2017.
             Was an Elder of Cheibriados.
             Slain by a wight
             ... wielding a +0 flail
              (10 damage)
             ... on level 11 of the Dungeon.
             The game lasted 00:40:13 (3105 turns).

tidbits the Martial Artist (Gnoll Transmuter)       Turns: 3105, Time: 00:40:14

Health: -2/83      AC: 10    Str: 23    XL:     11   Next: 30%
Magic:  20/22      EV: 19    Int: 29    God:    Cheibriados [****..]
Gold:   265        SH:  0    Dex: 24    Spells: 7/25 levels left

rFire    + . .     SeeInvis .   t - +1 bardiche (freeze)
rCold    . . .     Gourm    .   (shield currently unavailable)
rNeg     . . .     Faith    .   b - +0 robe
rPois    .         Spirit   .   (no helmet)
rElec    .         Reflect  .   C - +0 cloak
rCorr    .         Harm     .   (no gloves)
MR       .....                  F - +2 pair of boots
Stlth    ++++......             z - amulet of magic regeneration
HPRegen  0.23/turn              y - ring of protection from fire
MPRegen  0.43/turn              (no ring)

@: slowed, studying Shields, drained, very slow
A: distributed training, fangs 1, thin metallic scales 1, shaggy fur 1, strong
1, strong nose
a: Bend Time, Temporal Distortion, Slouch, Renounce Religion


You were on level 11 of the Dungeon.
You worshipped Cheibriados.
Cheibriados was greatly pleased with you.
You were not hungry.

You visited 2 branches of the dungeon, and saw 12 of its levels.
You also visited: Bailey.

You collected 391 gold pieces.
You spent 126 gold pieces at shops.

Inventory:

Hand Weapons
 m - a +0 great sword
 p - a +0 spear of distortion
   (You took it off a gnoll on level 7 of the Dungeon)
 t - a +1 bardiche of freezing (weapon)
   (You found it in a bailey)
 D - a +2 dagger of venom
   (You took it off an orc wizard on level 10 of the Dungeon)
Missiles
 a - 83 arrows
 n - 10 javelins of returning (quivered)
Armour
 b - a +0 robe (worn)
 h - a +0 shield
 o - a cursed +0 scale mail
 C - a +0 cloak (worn)
 F - a +2 pair of boots (worn)
Jewellery
 c - an uncursed amulet of the gourmand
   (You found it on level 9 of the Dungeon)
 y - a ring of protection from fire (left hand)
   (You found it on level 9 of the Dungeon)
 z - an amulet of magic regeneration (around neck)
   (You found it on level 10 of the Dungeon)
 A - an uncursed ring of teleportation
   (You found it on level 10 of the Dungeon)
Wands
 B - a wand of iceblast (6)
 E - a wand of disintegration (11)
Scrolls
 g - 2 scrolls of random uselessness
 l - a scroll of torment {unknown}
 q - a scroll of remove curse
Potions
 e - a potion of lignification
 w - 2 potions of mutation {!q}
 x - 2 potions of cancellation
Books
 i - the Guide on Bewitchment
   (You acquired it on level 11 of the Dungeon)

   Spells                             Type                      Level
   a - Confusing Touch                Hexes                        1
   b - Portal Projectile              Hexes/Translocation          3
   c - Tukima's Dance                 Hexes                        3
   d - Inner Flame                    Hexes/Fire                   3
   e - Spectral Weapon                Hexes/Charms                 3
   f - Invisibility                   Hexes                        6
 j - a manual of Shields
   (You found it in a bailey)
 k - a book of Changes

   Spells                             Type                      Level
   a - Beastly Appendage              Transmutation                1
   b - Sticks to Snakes               Transmutation                2
   c - Spider Form                    Transmutation/Poison         3
   d - Ice Form                       Ice/Transmutation            4
   e - Blade Hands                    Transmutation                5
 s - a book of Enchantments
   (You found it on level 9 of the Dungeon)

   Spells                             Type                      Level
   a - Cause Fear                     Hexes                        4
   b - Yara's Violent Unravelling     Hexes/Transmutation          5
   c - Silence                        Hexes/Air                    5
   d - Deflect Missiles               Charms/Air                   6
   e - Discord                        Hexes                        8
Comestibles
 d - 8 bread rations
 f - 4 meat rations
 u - a royal jelly


   Skills:
 + Level 6.6(6.2) Fighting
 + Level 6.0(5.7) Short Blades
 + Level 6.0(5.7) Long Blades
 + Level 6.0(5.7) Axes
 + Level 6.0(5.7) Maces & Flails
 + Level 6.0(5.7) Polearms
 + Level 6.0(5.7) Staves
 + Level 6.0(5.7) Slings
 + Level 6.0(5.7) Bows
 + Level 6.0(5.7) Crossbows
 + Level 6.0(5.7) Throwing
 + Level 6.0(5.7) Armour
 + Level 7.7(7.3) Dodging
 + Level 6.0(5.7) Stealth
 + Level 6.7(6.3) Shields
 + Level 9.0(8.6) Unarmed Combat
 + Level 7.9(7.6) Spellcasting
 + Level 5.0(4.6) Conjurations
 + Level 5.0(4.6) Hexes
 + Level 5.0(4.6) Charms
 + Level 5.0(4.6) Summonings
 + Level 5.0(4.6) Necromancy
 + Level 5.0(4.6) Translocations
 + Level 6.3(6.0) Transmutations
 + Level 5.0(4.6) Fire Magic
 + Level 5.0(4.6) Ice Magic
 + Level 5.0(4.6) Air Magic
 + Level 5.0(4.6) Earth Magic
 + Level 5.0(4.6) Poison Magic
 + Level 6.6(6.2) Invocations
 + Level 6.0(5.7) Evocations


You had 7 spell levels left.
You knew the following spells:

 Your Spells              Type           Power        Failure   Level  Hunger
e - Beastly Appendage     Tmut           #####.       1%          1    None
h - Blade Hands           Tmut           #####.....   11%         5    ####...
i - Ice Form              Ice/Tmut       #####...     5%          4    ##.....
k - Sticks to Snakes      Tmut           #####...     1%          2    None
p - Spider Form           Tmut/Pois      #####.....   1%          3    None
w - Spectral Weapon       Hex/Chrm       #####...     1%          3    None


Dungeon Overview and Level Annotations

Branches:
Dungeon (11/15)            Temple (1/1) D:5            Lair (0/6) D:11
    Orc: D:9-12

Altars:
Cheibriados
Dithmenos
Elyvilon
Hepliaklqana
Kikubaaqudgha
Makhleb
Okawaru
Qazlal
Ru
Sif Muna
Trog
Uskayaw
Vehumet
Xom
The Shining One

Shops:
D:7 }

Annotations:
D:11 mortelune's ghost, journeyman DEWz


Innate Abilities, Weirdness & Mutations

Your experience applies equally to all skills.
You have very sharp teeth.
Your uncanny sense of smell can sniff out nearby items.
You are partially covered in thin metallic scales. (AC +2)
You are covered in fur. (AC +1)
Your muscles are strong. (Str +2)


Message History

The crimson imp misses your water moccasin.
Your adder bites mortelune's ghost but does no damage.
Your adder barely misses mortelune's ghost.
Your water moccasin bites mortelune's ghost.
You hit mortelune's ghost. Your bite misses mortelune's ghost.
Mortelune's ghost is lightly damaged.
Your adder misses mortelune's ghost. Mortelune's ghost casts a spell at you.
You feel as though you will be slow longer.
Your water moccasin misses mortelune's ghost.
Your adder closely misses mortelune's ghost.
Your adder misses mortelune's ghost.
The crimson imp closely misses your water moccasin.
Your adder completely misses mortelune's ghost.
Mortelune's ghost hits you but does no damage.
You hit mortelune's ghost.
Mortelune's ghost is moderately damaged.
Your water moccasin misses mortelune's ghost.
Your adder closely misses mortelune's ghost.
Your adder misses mortelune's ghost.
Your adder closely misses mortelune's ghost.
The crimson imp closely misses your water moccasin.
Your water moccasin bites mortelune's ghost.
Mortelune's ghost completely misses you.
Your adder bites mortelune's ghost but does no damage.
Your adder barely misses mortelune's ghost.
Your adder closely misses mortelune's ghost.
The crimson imp barely misses your water moccasin.
You closely miss mortelune's ghost.
Mortelune's ghost is moderately damaged.
Your water moccasin completely misses mortelune's ghost.
Your adder misses mortelune's ghost. x2
Your adder barely misses mortelune's ghost.
Mortelune's ghost casts a spell at you.
The ball explodes into a vile cloud!
The stinking cloud engulfs you! The stinking cloud engulfs your adder.
The stinking cloud engulfs your water moccasin.
Your water moccasin appears unharmed.
The stinking cloud engulfs mortelune's ghost.
Mortelune's ghost appears unharmed.
The stinking cloud engulfs your adder. x2
Your water moccasin misses mortelune's ghost.
Your adder is engulfed in noxious fumes.
Your adder appears confused.
The crimson imp hits your water moccasin but does no damage.
Your adder is engulfed in noxious fumes.
Your adder closely misses mortelune's ghost.
Your adder is engulfed in noxious fumes.
Your adder appears confused.
Mortelune's ghost hits you.
* * * LOW HITPOINT WARNING * * *
As you read the scroll of teleportation, it crumbles to dust.
You feel strangely unstable.
You are engulfed in noxious fumes.
You choke on the stench!
You are confused.
* * * LOW HITPOINT WARNING * * *
Your water moccasin completely misses mortelune's ghost.
Your adder is engulfed in noxious fumes. x2
Your adder appears confused.
Your water moccasin bites mortelune's ghost.
The crimson imp closely misses your water moccasin.
Mortelune's ghost completely misses you.
Your adder is engulfed in noxious fumes.
Your adder appears confused.
Your magical contamination has completely faded away.
Are you sure you want to stumble around while confused and next to your water moccasin?
You are engulfed in noxious fumes.
You choke on the stench!
You are more confused.
* * * LOW HITPOINT WARNING * * *
Your surroundings suddenly seem different. 3 wights come into view.
You feel better.
Your hands revert to their normal proportions.
Your +1 bardiche of freezing unmelds from your body.
Your +1 bardiche of freezing glows with a cold blue light!
Unknown command.
Evoke which item? (* to show all) (? for menu, Esc to quit)
Aiming: Iceblast
Press: ? - help, Shift-Dir - straight line The mass of ice explodes!
The iceblast engulfs the wight.
The wight partially resists.
The wight is almost destroyed.
The iceblast engulfs the wight.
The wight partially resists.
The wight is heavily damaged.
You hear a shout!
Evoke which item? (* to show all) (? for menu, Esc to quit)
Aiming: Iceblast
Press: ? - help, Shift-Dir - straight line That beam is likely to hit you.
Continue anyway?
Okay, then.
Casting: Sticks to Snakes
Confirm with . or Enter, or press ? or * to list all spells.
You draw out your weapon's spirit!
The wight hits you with a short sword!
* * * LOW HITPOINT WARNING * * *
You feel drained.
* * * LOW HITPOINT WARNING * * *
The wight hits your spectral weapon with a halberd!
Your spectral weapon shares its damage with you!
* * * LOW HITPOINT WARNING * * *
The wight hits you but does no damage. The wight hits you with a flail!
You die...

########
#.....@#
#...(zz#
#..z...#
+......#
#).....#
#......#
∆
#.<....+
#......#
###'####


You could see 3 wights and a friendly spectral bardiche of freezing.

Vanquished Creatures
  3 two-headed ogres
  A cyclops (D:11)
  An ugly thing (D:8)
  Maurice (D:8)
  The ghost of tidbits the Digger, a novice GnEE (D:5)
  3 hippogriffs
  A spriggan (D:7)
  3 yaks (D:9)
  A hungry ghost (D:7)
  7 orc warriors
  2 sky beasts (D:5)
  5 ogres
  A phantom (D:11)
  6 centaurs
  A scorpion (D:7)
  5 wights (D:9)
  4 crimson imps
  A quasit (D:9)
  2 orc priests
  4 hounds (D:7)
  8 orc wizards
  An iguana (D:9)
  2 worker ants
  A worker ant zombie (D:8)
  A howler monkey skeleton (D:4)
  9 gnolls
  7 adders
  2 shadow imps
  A worm (D:3)
  2 leopard geckos
  21 orcs
  A bat (D:2)
  3 goblins
  7 jackals
  A kobold (D:3)
  3 quokkas
  2 frilled lizards
  2 rats
127 creatures vanquished.

Vanquished Creatures (collateral kills)
  A centaur skeleton (D:7)
  Grinder (D:6)
  5 orc warriors (Bailey)
  An ogre (D:9)
  2 centaurs (Bailey)
  A scorpion (D:9)
  2 bullfrog zombies (D:7)
  A jelly (D:9)
  A quasit (D:7)
  2 worker ants
  A shadow imp (D:9)
  16 orcs
  2 goblins (D:9)
36 creatures vanquished.

Vanquished Creatures (others)
  An orc wizard (D:10)
  An orc (D:6)
2 creatures vanquished.

Grand Total: 165 creatures vanquished

Notes
Turn   | Place    | Note
-------+----------+-------------------------------------------
     0 | D:1      | tidbits the Gnoll Transmuter began the quest for the Orb.
     0 | D:1      | Reached XP level 1. HP: 17/17 MP: 6/6
   122 | D:2      | Reached XP level 2. HP: 19/23 MP: 5/7
   129 | D:2      | Reached skill level 5 in Spellcasting
   129 | D:2      | Reached XP level 3. HP: 16/28 MP: 6/9
   168 | D:2      | Reached skill level 1 in Invocations
   252 | D:2      | Learned a level 2 spell: Sticks to Snakes
   256 | D:2      | Learned a level 3 spell: Spider Form
   322 | D:3      | Reached skill level 1 in Short Blades
   322 | D:3      | Reached skill level 1 in Long Blades
   322 | D:3      | Reached skill level 1 in Axes
   322 | D:3      | Reached skill level 1 in Maces & Flails
   322 | D:3      | Reached skill level 1 in Polearms
   322 | D:3      | Reached skill level 1 in Staves
   322 | D:3      | Reached skill level 1 in Slings
   322 | D:3      | Reached skill level 1 in Bows
   322 | D:3      | Reached skill level 1 in Crossbows
   322 | D:3      | Reached skill level 1 in Throwing
   322 | D:3      | Reached skill level 1 in Armour
   322 | D:3      | Reached skill level 1 in Stealth
   322 | D:3      | Reached skill level 1 in Shields
   322 | D:3      | Reached skill level 1 in Evocations
   322 | D:3      | Reached XP level 4. HP: 22/34 MP: 4/11
   373 | D:3      | You fall through a shaft for 3 floors!
   373 | D:6      | Noticed an orc warrior
   387 | D:6      | Noticed a centaur
   389 | D:6      | Noticed Grinder
   401 | D:7      | Reached skill level 1 in Conjurations
   401 | D:7      | Reached skill level 1 in Hexes
   401 | D:7      | Reached skill level 1 in Charms
   401 | D:7      | Reached skill level 1 in Summonings
   401 | D:7      | Reached skill level 1 in Necromancy
   401 | D:7      | Reached skill level 1 in Translocations
   401 | D:7      | Reached skill level 1 in Fire Magic
   401 | D:7      | Reached skill level 1 in Ice Magic
   401 | D:7      | Reached skill level 1 in Air Magic
   401 | D:7      | Reached skill level 1 in Earth Magic
   401 | D:7      | Reached skill level 1 in Poison Magic
   404 | D:7      | Reached XP level 5. HP: 16/40 MP: 4/12
   570 | D:7      | Noticed an ogre
   575 | D:7      | Killed an ogre
   575 | D:7      | Reached skill level 3 in Fighting
   575 | D:7      | Reached skill level 4 in Transmutations
   575 | D:7      | Reached skill level 2 in Invocations
   575 | D:7      | Reached XP level 6. HP: 44/47 MP: 13/13
   583 | D:7      | Noticed a spriggan baker
   585 | D:7      | Killed a spriggan baker
   585 | D:7      | Reached skill level 2 in Short Blades
   585 | D:7      | Reached skill level 2 in Long Blades
   585 | D:7      | Reached skill level 2 in Axes
   585 | D:7      | Reached skill level 2 in Maces & Flails
   585 | D:7      | Reached skill level 2 in Polearms
   585 | D:7      | Reached skill level 2 in Staves
   585 | D:7      | Reached skill level 2 in Slings
   585 | D:7      | Reached skill level 2 in Bows
   585 | D:7      | Reached skill level 2 in Crossbows
   585 | D:7      | Reached skill level 2 in Throwing
   585 | D:7      | Reached skill level 2 in Armour
   585 | D:7      | Reached skill level 5 in Dodging
   585 | D:7      | Reached skill level 2 in Stealth
   585 | D:7      | Reached skill level 2 in Shields
   585 | D:7      | Reached skill level 2 in Evocations
   659 | D:7      | Noticed a hungry ghost
   674 | D:7      | Killed a hungry ghost
   674 | D:7      | Reached skill level 7 in Unarmed Combat
   674 | D:7      | Reached XP level 7. HP: 49/52 MP: 12/15
   678 | D:7      | Reached skill level 2 in Conjurations
   678 | D:7      | Reached skill level 2 in Hexes
   678 | D:7      | Reached skill level 2 in Charms
   678 | D:7      | Reached skill level 2 in Summonings
   678 | D:7      | Reached skill level 2 in Necromancy
   678 | D:7      | Reached skill level 2 in Translocations
   678 | D:7      | Reached skill level 2 in Fire Magic
   678 | D:7      | Reached skill level 2 in Ice Magic
   678 | D:7      | Reached skill level 2 in Air Magic
   678 | D:7      | Reached skill level 2 in Earth Magic
   678 | D:7      | Reached skill level 2 in Poison Magic
   730 | D:7      | Reached skill level 3 in Invocations
   730 | D:7      | Reached XP level 8. HP: 41/60 MP: 11/16
   757 | D:7      | Found Zusk's Gadget Shoppe.
   770 | D:7      | Reached skill level 4 in Fighting
   774 | D:7      | Reached skill level 3 in Short Blades
   774 | D:7      | Reached skill level 3 in Long Blades
   774 | D:7      | Reached skill level 3 in Axes
   774 | D:7      | Reached skill level 3 in Maces & Flails
   774 | D:7      | Reached skill level 3 in Polearms
   774 | D:7      | Reached skill level 3 in Staves
   774 | D:7      | Reached skill level 3 in Slings
   774 | D:7      | Reached skill level 3 in Bows
   774 | D:7      | Reached skill level 3 in Crossbows
   774 | D:7      | Reached skill level 3 in Throwing
   774 | D:7      | Reached skill level 3 in Armour
   774 | D:7      | Reached skill level 3 in Stealth
   774 | D:7      | Reached skill level 3 in Shields
   774 | D:7      | Reached skill level 3 in Evocations
   781 | D:7      | Bought a wand of iceblast (5) for 126 gold pieces
   881 | D:6      | Reached skill level 6 in Spellcasting
   891 | D:6      | Killed Grinder
   943 | D:5      | Entered Level 5 of the Dungeon
   991 | D:5      | Found a staircase to the Ecumenical Temple.
  1000 | Temple   | Entered the Ecumenical Temple
  1033 | Temple   | Became a worshipper of Cheibriados the Contemplative
  1091 | D:5      | Noticed tidbits's ghost (novice GnEE)
  1118 | D:5      | Killed tidbits's ghost
  1118 | D:5      | Reached skill level 6 in Dodging
  1118 | D:5      | Reached skill level 3 in Conjurations
  1118 | D:5      | Reached skill level 3 in Hexes
  1118 | D:5      | Reached skill level 3 in Charms
  1118 | D:5      | Reached skill level 3 in Summonings
  1118 | D:5      | Reached skill level 3 in Necromancy
  1118 | D:5      | Reached skill level 3 in Translocations
  1118 | D:5      | Reached skill level 5 in Transmutations
  1118 | D:5      | Reached skill level 3 in Fire Magic
  1118 | D:5      | Reached skill level 3 in Ice Magic
  1118 | D:5      | Reached skill level 3 in Air Magic
  1118 | D:5      | Reached skill level 3 in Earth Magic
  1118 | D:5      | Reached skill level 3 in Poison Magic
  1118 | D:5      | Reached skill level 4 in Invocations
  1118 | D:5      | Reached XP level 9. HP: 38/66 MP: 18/18
  1303 | D:4      | Reached skill level 4 in Short Blades
  1303 | D:4      | Reached skill level 4 in Long Blades
  1303 | D:4      | Reached skill level 4 in Axes
  1303 | D:4      | Reached skill level 4 in Maces & Flails
  1303 | D:4      | Reached skill level 4 in Polearms
  1303 | D:4      | Reached skill level 4 in Staves
  1303 | D:4      | Reached skill level 4 in Slings
  1303 | D:4      | Reached skill level 4 in Bows
  1303 | D:4      | Reached skill level 4 in Crossbows
  1303 | D:4      | Reached skill level 4 in Throwing
  1303 | D:4      | Reached skill level 4 in Armour
  1303 | D:4      | Reached skill level 4 in Stealth
  1303 | D:4      | Reached skill level 4 in Shields
  1303 | D:4      | Reached skill level 4 in Evocations
  1378 | D:4      | Reached * piety under Cheibriados
  1538 | D:8      | Noticed a green ugly thing
  1545 | D:8      | Killed a green ugly thing
  1545 | D:8      | Reached skill level 5 in Fighting
  1568 | D:8      | Gained mutation: Your spells are a little harder to cast, but a little more powerful. [mutagenic meat]
  1582 | D:8      | Found a shadowy altar of Dithmenos.
  1593 | D:8      | Reached skill level 8 in Unarmed Combat
  1605 | D:8      | Noticed Maurice
  1610 | D:8      | Killed Maurice
  1610 | D:8      | Reached skill level 5 in Invocations
  1724 | D:9      | Reached XP level 10. HP: 23/74 MP: 14/20
  1726 | D:9      | Reached skill level 7 in Spellcasting
  1768 | D:9      | Reached ** piety under Cheibriados
  1768 | D:9      | Reached skill level 4 in Conjurations
  1768 | D:9      | Reached skill level 4 in Hexes
  1768 | D:9      | Reached skill level 4 in Charms
  1768 | D:9      | Reached skill level 4 in Summonings
  1768 | D:9      | Reached skill level 4 in Necromancy
  1768 | D:9      | Reached skill level 4 in Translocations
  1768 | D:9      | Reached skill level 4 in Fire Magic
  1768 | D:9      | Reached skill level 4 in Ice Magic
  1768 | D:9      | Reached skill level 4 in Air Magic
  1768 | D:9      | Reached skill level 4 in Earth Magic
  1768 | D:9      | Reached skill level 4 in Poison Magic
  1797 | D:9      | Reached skill level 5 in Short Blades
  1797 | D:9      | Reached skill level 5 in Long Blades
  1797 | D:9      | Reached skill level 5 in Axes
  1797 | D:9      | Reached skill level 5 in Maces & Flails
  1797 | D:9      | Reached skill level 5 in Polearms
  1797 | D:9      | Reached skill level 5 in Staves
  1797 | D:9      | Reached skill level 5 in Slings
  1797 | D:9      | Reached skill level 5 in Bows
  1797 | D:9      | Reached skill level 5 in Crossbows
  1797 | D:9      | Reached skill level 5 in Throwing
  1797 | D:9      | Reached skill level 5 in Armour
  1797 | D:9      | Reached skill level 5 in Stealth
  1797 | D:9      | Reached skill level 5 in Shields
  1797 | D:9      | Reached skill level 5 in Evocations
  1866 | D:9      | Found a flagged portal.
  1880 | Bailey   | Entered a bailey
  1883 | Bailey   | Lost mutation: Your spells are a little harder to cast, but a little more powerful. [potion of mutation]
  1883 | Bailey   | Gained mutation: You are partially covered in thin metallic scales. (AC +2) [potion of mutation]
  1883 | Bailey   | Gained mutation: You are covered in fur. (AC +1) [potion of mutation]
  1883 | Bailey   | Gained mutation: Your muscles are strong. (Str +2) [potion of mutation]
  2087 | Bailey   | Reached skill level 7 in Dodging
  2250 | Bailey   | Learned a level 4 spell: Ice Form
  2257 | Bailey   | HP: 6/91 [orc warrior/spear (16)]
  2463 | Bailey   | HP: 7/91 [orc warrior/spear (6)]
  2465 | Bailey   | Reached *** piety under Cheibriados
  2468 | Bailey   | Reached skill level 6 in Fighting
  2620 | D:10     | Entered Level 10 of the Dungeon
  2653 | D:9      | Reached skill level 6 in Transmutations
  2653 | D:9      | Reached skill level 6 in Invocations
  2675 | D:9      | HP: 7/76 [poisoned by a worker ant]
  2681 | D:9      | HP: 7/76 [poisoned by a worker ant]
  2707 | D:9      | Learned a level 5 spell: Blade Hands
  2791 | D:10     | Noticed a two-headed ogre
  2800 | D:10     | Killed a two-headed ogre
  2800 | D:10     | Reached skill level 6 in Shields
  2815 | D:10     | Noticed a two-headed ogre
  2874 | D:10     | Killed a two-headed ogre
  2874 | D:10     | Reached XP level 11. HP: 46/83 MP: 20/22
  2892 | D:10     | Reached **** piety under Cheibriados
  2962 | D:11     | Identified a scroll of acquirement
  2965 | D:11     | Identified the Guide on Bewitchment (You acquired it on level 11 of the Dungeon)
  2971 | D:11     | Learned a level 3 spell: Spectral Weapon
  3010 | D:11     | Noticed a cyclops
  3014 | D:11     | Killed a cyclops
  3057 | D:11     | Noticed a two-headed ogre
  3061 | D:11     | Killed a two-headed ogre
  3061 | D:11     | Reached skill level 6 in Short Blades
  3061 | D:11     | Reached skill level 6 in Long Blades
  3061 | D:11     | Reached skill level 6 in Axes
  3061 | D:11     | Reached skill level 6 in Maces & Flails
  3061 | D:11     | Reached skill level 6 in Polearms
  3061 | D:11     | Reached skill level 6 in Staves
  3061 | D:11     | Reached skill level 6 in Slings
  3061 | D:11     | Reached skill level 6 in Bows
  3061 | D:11     | Reached skill level 6 in Crossbows
  3061 | D:11     | Reached skill level 6 in Throwing
  3061 | D:11     | Reached skill level 6 in Armour
  3061 | D:11     | Reached skill level 6 in Stealth
  3061 | D:11     | Reached skill level 9 in Unarmed Combat
  3061 | D:11     | Reached skill level 5 in Conjurations
  3061 | D:11     | Reached skill level 5 in Hexes
  3061 | D:11     | Reached skill level 5 in Charms
  3061 | D:11     | Reached skill level 5 in Summonings
  3061 | D:11     | Reached skill level 5 in Necromancy
  3061 | D:11     | Reached skill level 5 in Translocations
  3061 | D:11     | Reached skill level 5 in Fire Magic
  3061 | D:11     | Reached skill level 5 in Ice Magic
  3061 | D:11     | Reached skill level 5 in Air Magic
  3061 | D:11     | Reached skill level 5 in Earth Magic
  3061 | D:11     | Reached skill level 5 in Poison Magic
  3061 | D:11     | Reached skill level 6 in Evocations
  3063 | D:11     | Found a staircase to the Lair.
  3073 | D:11     | Noticed a manticore
  3082 | D:11     | Noticed mortelune's ghost (journeyman DEWz)
  3105 | D:11     | HP: 8/83 [wight/halberd (4)]
  3105 | D:11     | Slain by a wight

Vault maps used:
D:1:      mushboom_english_gardens
D:2:      kennysheep_boxes
D:3:      first_bread
D:4:      yredelemnul_altar_generic, minmay_liquid_box, minmay_surrounded
D:5:      temple_statues
D:6:      uniq_grinder
D:7:      the_bakery, kennysheep_windowed_goal
D:8:      serial_corexii_hall, corexii_hall_statues_l, corexii_hall_statues_s,
          corexii_hall_statues_i, grunt_dithmenos_smoke, uniq_erica,
          uniq_maurice
D:9:      enter_bailey_3
D:10:     minmay_smoke_and_mirrors, nicolae_looking_at_the_future
D:11:     minmay_lair_entry_lava
Temple:   kilobyte_greek_temple
Bailey:   bailey_polearm_flooded_kennysheep, bailey

Skill      XL: |  1  2  3  4  5  6  7  8  9 10 11 |
---------------+----------------------------------+-----
Spellcasting   | 5 6 7 |  7.9
Invocations    | 1 2 3 4 5 6 |  6.6
Short Blades   | 1 2 3 4 5 6 |  6.0
Long Blades    | 1 2 3 4 5 6 |  6.0
Axes           | 1 2 3 4 5 6 |  6.0
Maces & Flails | 1 2 3 4 5 6 |  6.0
Polearms       | 1 2 3 4 5 6 |  6.0
Staves         | 1 2 3 4 5 6 |  6.0
Slings         | 1 2 3 4 5 6 |  6.0
Bows           | 1 2 3 4 5 6 |  6.0
Crossbows      | 1 2 3 4 5 6 |  6.0
Throwing       | 1 2 3 4 5 6 |  6.0
Armour         | 1 2 3 4 5 6 |  6.0
Stealth        | 1 2 3 4 5 6 |  6.0
Shields        | 1 2 3 4 6 |  6.7
Evocations     | 1 2 3 4 5 6 |  6.0
Conjurations   | 1 2 3 4 5 |  5.0
Hexes          | 1 2 3 4 5 |  5.0
Charms         | 1 2 3 4 5 |  5.0
Summonings     | 1 2 3 4 5 |  5.0
Necromancy     | 1 2 3 4 5 |  5.0
Translocations | 1 2 3 4 5 |  5.0
Fire Magic     | 1 2 3 4 5 |  5.0
Ice Magic      | 1 2 3 4 5 |  5.0
Air Magic      | 1 2 3 4 5 |  5.0
Earth Magic    | 1 2 3 4 5 |  5.0
Poison Magic   | 1 2 3 4 5 |  5.0
Fighting       | 3 4 5 6 |  6.6
Transmutations | 4 5 6 |  6.3
Dodging        | 5 6 7 |  7.7
Unarmed Combat | 7 8 9 |  9.0

Action                   |  1- 3 |  4- 6 |  7- 9 | 10-12 || total
-------------------------+-------+-------+-------+-------++-------
Melee: Unarmed           |    25 |    36 |   151 |   130 ||   342
       Bite              |     2 |       |     3 |     4 ||     9
       Headbutt          |     1 |       |       |       ||     1
       Punch             |       |       |       |     1 ||     1
       Bardiche          |       |       |       |    11 ||    11
Throw: Javelin           |       |       |       |    20 ||    20
 Cast: Beastly Appendage |     4 |       |       |       ||     4
       Spider Form       |     3 |     6 |    17 |    10 ||    36
       Sticks to Snakes  |       |     1 |    15 |    50 ||    66
       Ice Form          |       |       |       |     5 ||     5
       Blade Hands       |       |       |       |     2 ||     2
       Spectral Weapon   |       |       |       |     3 ||     3
 Abil: End Transformatio |       |       |     3 |     4 ||     7
Evoke: Wand              |       |     6 |    26 |    12 ||    44
       Box of beasts     |       |       |       |     1 ||     1
  Use: Potion            |     2 |       |       |     7 ||     9
       Scroll            |     2 |       |       |     8 ||    10
 Stab: Distracted        |       |       |     2 |     2 ||     4
       Sleeping          |       |       |     1 |     2 ||     3
  Eat: Chunk             |       |       |     5 |     2 ||     7
       Royal jelly       |       |       |       |     1 ||     1
Armor: Robe              |     6 |     1 |     5 |    15 ||    27
       Skin              |    18 |       |     6 |     7 ||    31
Dodge: Dodged            |    33 |    51 |   154 |   221 ||   459

Table legend:
 A = Spawn XP
 B = Non-spawn XP
 C = Spawn XP percentage of total XP
 D = Spawn monster count
 E = Non-spawn monster count
 F = Spawn count percentage of total count
 G = Total turns spent on level
                    A         B        C        D         E        F      G
               +---------+---------+-------+---------+---------+-------+---------
         Total |       0 |   11982 |   0.0 |       0 |     164 |   0.0 |  3105
               +---------+---------+-------+---------+---------+-------+---------
           D:1 |       0 |       1 |   0.0 |       0 |       1 |   0.0 |   102
           D:2 |       0 |      74 |   0.0 |       0 |       8 |   0.0 |   208
           D:3 |       0 |      27 |   0.0 |       0 |       6 |   0.0 |    99
           D:4 |       0 |     216 |   0.0 |       0 |       7 |   0.0 |   118
           D:5 |       0 |     822 |   0.0 |       0 |      15 |   0.0 |   274
           D:6 |       0 |     408 |   0.0 |       0 |       4 |   0.0 |   127
           D:7 |       0 |    1498 |   0.0 |       0 |      20 |   0.0 |   538
           D:8 |       0 |    1456 |   0.0 |       0 |       8 |   0.0 |   102
           D:9 |       0 |    1979 |   0.0 |       0 |      36 |   0.0 |   481
          D:10 |       0 |    2362 |   0.0 |       0 |      17 |   0.0 |   184
          D:11 |       0 |    1637 |   0.0 |       0 |       7 |   0.0 |   161
        Bailey |       0 |    1502 |   0.0 |       0 |      35 |   0.0 |   645
               +---------+---------+-------+---------+---------+-------+---------

Table legend:
 A = Turns spent in this place as a percentage of turns spent in the entire game.
 B = Non-inter-level travel turns spent in this place as a percentage of non-inter-level travel turns spent in the entire game.
 C = Inter-level travel turns spent in this place as a percentage of turns spent in this place.
 D = Turns resting spent in this place as a percentage of non-inter-level travel turns spent in this place.
 E = Turns spent auto-exploring this place as a percentage of non-inter-level travel turns spent in this place.
 F = Non-inter-level travel turns spent in this place divided by the number of levels of this place that you've seen.
                   A       B       C       D       E      F
               +-------+-------+-------+-------+-------+----------------------
         Total | 100.0 | 100.0 |   1.0 |   0.0 |   0.0 | 236.5
       Dungeon |  77.1 |  77.9 |   0.0 |   0.0 |   0.0 | 217.6
        Temple |   2.1 |   1.1 |  47.0 |   0.0 |   0.0 |  35.0
        Bailey |  20.8 |  21.0 |   0.0 |   0.0 |   0.0 | 645.0
               +-------+-------+-------+-------+-------+----------------------

Table legend:
 A = Kills in this place as a percentage of kills in entire the game.
 B = Kills by you in this place as a percentage of kills by you in the entire game.
 C = Kills by friends in this place as a percentage of kills by friends in the entire game.
 D = Other kills in this place as a percentage of other kills in the entire game.
 E = Experience gained in this place as a percentage of experience gained in the entire game.
 F = Experience gained in this place divided by the number of levels of this place that you have seen.
                   A       B       C       D       E      F
               +-------+-------+-------+-------+-------+----------------------
         Total | 100.0 | 100.0 | 100.0 | 100.0 | 100.0 | 921.7
       Dungeon |  78.7 |  89.0 |  41.7 | 100.0 |  87.5 | 952.7
        Bailey |  21.3 |  11.0 |  58.3 |   0.0 |  12.5 | 1502.0
               +-------+-------+-------+-------+-------+----------------------

Vault maps used:
D:1:      mushboom_english_gardens
D:2:      kennysheep_boxes
D:3:      first_bread
D:4:      yredelemnul_altar_generic, minmay_liquid_box, minmay_surrounded
D:5:      temple_statues
D:6:      uniq_grinder
D:7:      the_bakery, kennysheep_windowed_goal
D:8:      serial_corexii_hall, corexii_hall_statues_l, corexii_hall_statues_s,
          corexii_hall_statues_i, grunt_dithmenos_smoke, uniq_erica,
          uniq_maurice
D:9:      enter_bailey_3
D:10:     minmay_smoke_and_mirrors, nicolae_looking_at_the_future
D:11:     minmay_lair_entry_lava
Temple:   kilobyte_greek_temple
Bailey:   bailey_polearm_flooded_kennysheep, bailey
